3AAA
GRYFINDOR BRAVES @ AUGUSTA TIMBER HAWKS
07/24/2021
 
TOP OF THE 1ST
Gryfindor Braves batting - Pitching for Augusta Timber Hawks : RHP Jimmy Whittier
Pitching: RHP Jimmy Whittier
Batting: LHB Nathan Tanner 0-0: Ground out 4-3 (Groundball, 4)
Batting: RHB Matt Nelson 0-0: Ball
1-0: Foul Ball, location: 2F
1-1: Ground out 5-3 (Groundball, 5S)
Batting: RHB António Martínez 0-0: Fly out, F5 (Line Drive, 56)
Top of the 1st over - 0 run(s), 0 hit(s), 0 error(s), 0 left on base; Gryfindor 0 - Augusta 0
BOTTOM OF THE 1ST
Augusta Timber Hawks batting - Pitching for Gryfindor Braves : RHP Jim Unknown
Pitching: RHP Jim Unknown
Batting: LHB Mike Hanson 0-0: Ball
1-0: Ball
2-0: Ball
3-0: Called Strike
3-1: Foul Ball, location: 2F
3-2: SINGLE (Groundball, 6M)
Batting: RHB Eric Randolph 0-0: Fly out, F8 (Flyball, 8LM)
Batting: RHB Claudio Mendoza 0-0: Called Strike
Mike Hanson steals 2nd base
0-1: DOUBLE (Groundball, 5L)
Mike Hanson scores
Batting: LHB Brad Lawrence 0-0: Ball
1-0: Ball
2-0: Ball
3-0: Base on Balls
Batting: RHB Bob Sargent 0-0: Ball
1-0: Called Strike
1-1: Ball
2-1: Foul Ball, location: 2F
2-2: Foul Ball, location: 2F
2-2: Strikes out swinging
Batting: LHB Tomás Guillén 0-0: Foul Ball, location: 2F
0-1: Fly out, F7 (Flyball, 7M)
Bottom of the 1st over - 1 run(s), 2 hit(s), 0 error(s), 2 left on base; Gryfindor 0 - Augusta 1
TOP OF THE 2ND
Gryfindor Braves batting - Pitching for Augusta Timber Hawks : RHP Jimmy Whittier
Batting: RHB Rafael Arredondo 0-0: Ball
1-0: Ball
2-0: Ball
3-0: Called Strike
3-1: Base on Balls
Batting: RHB Alfredo Martínez 0-0: Ball
Rafael Arredondo is caught stealing 2nd base
1-0: Called Strike
1-1: Ball
2-1: Fly out, F4 (Popup, 3D)
Batting: RHB Jim Unknown 0-0: Ball
1-0: Ground out 2-3 (Groundball, 23)
Top of the 2nd over - 0 run(s), 0 hit(s), 0 error(s), 0 left on base; Gryfindor 0 - Augusta 1
BOTTOM OF THE 2ND
Augusta Timber Hawks batting - Pitching for Gryfindor Braves : RHP Jim Unknown
Batting: SHB Jason Alexander 0-0: Ball
1-0: Fly out, F9 (Line Drive, 89M)
Batting: LHB Eugene Lawrence 0-0: Ball
1-0: Ground out 4-3 (Groundball, 4)
Batting: RHB Danny Penn 0-0: Foul Ball, location: 2F
0-1: Foul Ball, location: 2F
0-2: Strikes out swinging
Bottom of the 2nd over - 0 run(s), 0 hit(s), 0 error(s), 0 left on base; Gryfindor 0 - Augusta 1
TOP OF THE 3RD
Gryfindor Braves batting - Pitching for Augusta Timber Hawks : RHP Jimmy Whittier
Batting: RHB Jim Unknown 0-0: Ball
1-0: Swinging Strike
1-1: Swinging Strike
1-2: Foul Ball, location: 2F
1-2: Strikes out swinging
Batting: RHB Jim Unknown 0-0: SINGLE (Groundball, 6D)
Batting: RHB Jim Unknown 0-0: Swinging Strike
0-1: Ball
1-1: Foul Ball, location: 2F
1-2: Strikes out swinging
Batting: LHB Nathan Tanner 0-0: Ball
1-0: Called Strike
1-1: Ball
2-1: Called Strike
2-2: Hit by Pitch
Jim Unknown to second
Batting: RHB Matt Nelson 0-0: Ball
1-0: Called Strike
1-1: Foul Ball, location: 2F
1-2: Foul Ball, location: 2F
1-2: Ball
2-2: Ball
3-2: Base on Balls
Jim Unknown to third
Nathan Tanner to second
Batting: RHB António Martínez 0-0: Called Strike
0-1: Called Strike
0-2: Ball
1-2: Ball
2-2: SINGLE (Line Drive, 7LS)
Jim Unknown scores
Nathan Tanner to third
Matt Nelson to second
Runner from 3rd tries for Home, SAFE, no throw or cutoff
Batting: RHB Rafael Arredondo 0-0: Ball
1-0: Ball
2-0: Ball
3-0: Called Strike
3-1: Foul Ball, location: 2F
3-2: SINGLE (Popup, 6D)
Matt Nelson to third
António Martínez to second
Matt Nelson scores
António Martínez to third
Batting: RHB Alfredo Martínez 0-0: Ball
1-0: Swinging Strike
1-1: Ball
2-1: Ground out 4-3 (Groundball, 4)
Top of the 3rd over - 3 run(s), 3 hit(s), 0 error(s), 2 left on base; Gryfindor 3 - Augusta 1
BOTTOM OF THE 3RD
Augusta Timber Hawks batting - Pitching for Gryfindor Braves : RHP Jim Unknown
Batting: LHB Mike Hanson 0-0: Ball
1-0: Ball
2-0: Ball
3-0: Called Strike
3-1: Base on Balls
Batting: RHB Eric Randolph 0-0: Ball
1-0: Foul Ball, location: 2F
1-1: Foul Ball, location: 2F
1-2: Foul Ball, location: 2F
1-2: Ground out 5-3 (Groundball, 15S)
Mike Hanson to second
Batting: RHB Claudio Mendoza 0-0: Ground out U3 (Groundball, 3S)
Mike Hanson to third
Batting: LHB Brad Lawrence 0-0: Ground out 1-3 (Groundball, 13)
Bottom of the 3rd over - 0 run(s), 0 hit(s), 0 error(s), 1 left on base; Gryfindor 3 - Augusta 1
TOP OF THE 4TH
Gryfindor Braves batting - Pitching for Augusta Timber Hawks : RHP Jimmy Whittier
Batting: RHB Jim Unknown 0-0: Swinging Strike
0-1: Foul Ball, location: 2F
0-2: Strikes out swinging
Batting: RHB Jim Unknown 0-0: SINGLE (Groundball, 56D)
Batting: RHB Jim Unknown 0-0: Foul Ball, location: 2F
0-1: Swinging Strike
0-2: Ball
Wild Pitch!
Jim Unknown to second
1-2: Ball
2-2: Ball
3-2: Foul Ball, location: 2F
3-2: Strikes out looking
Batting: RHB Jim Unknown 0-0: Fly out, F9 (Flyball, 89S)
Top of the 4th over - 0 run(s), 1 hit(s), 0 error(s), 1 left on base; Gryfindor 3 - Augusta 1
BOTTOM OF THE 4TH
Augusta Timber Hawks batting - Pitching for Gryfindor Braves : RHP Jim Unknown
Batting: RHB Bob Sargent 0-0: Called Strike
0-1: Swinging Strike
0-2: SINGLE (Groundball, 56S)
Batting: LHB Tomás Guillén 0-0: SINGLE (Flyball, 7S)
Bob Sargent to second
Batting: SHB Jason Alexander 0-0: Fly out, F1 (Line Drive, 13)
Batting: LHB Eugene Lawrence 0-0: Called Strike
0-1: Foul Ball, location: 2F
0-2: Ball
1-2: Ground out 4-3 (Groundball, 13)
Bob Sargent to third
Tomás Guillén to second
Batting: RHB Danny Penn 0-0: Ball
1-0: Called Strike
1-1: Ball
2-1: Fly out, F5 (Line Drive, 56S)
Bottom of the 4th over - 0 run(s), 2 hit(s), 0 error(s), 2 left on base; Gryfindor 3 - Augusta 1
TOP OF THE 5TH
Gryfindor Braves batting - Pitching for Augusta Timber Hawks : RHP Jimmy Whittier
Batting: LHB Nathan Tanner 0-0: Ground out 4-3 (Groundball, 4)
Batting: RHB Matt Nelson 0-0: Ball
1-0: Fly out, F4 (Line Drive, 4)
Batting: RHB António Martínez 0-0: Ball
1-0: Ball
2-0: SINGLE (Flyball, 7S)
Batting: RHB Rafael Arredondo 0-0: Called Strike
0-1: Ball
Wild Pitch!
António Martínez to second
1-1: Foul Ball, location: 2F
1-2: Fly out, F8 (Flyball, 8LM)
Top of the 5th over - 0 run(s), 1 hit(s), 0 error(s), 1 left on base; Gryfindor 3 - Augusta 1
BOTTOM OF THE 5TH
Augusta Timber Hawks batting - Pitching for Gryfindor Braves : RHP Jim Unknown
Batting: LHB Mike Hanson 0-0: Foul Ball, location: 2F
0-1: Ball
1-1: Foul Ball, location: 2F
1-2: Ground out 4-3 (Groundball, 4)
Batting: RHB Eric Randolph 0-0: Ball
1-0: Ball
2-0: Fly out, F9 (Flyball, 89S)
Batting: RHB Claudio Mendoza 0-0: SINGLE (Line Drive, 7LM)
Batting: LHB Brad Lawrence 0-0: Ball
1-0: Ball
2-0: Called Strike
2-1: Ground out U3 (Groundball, 3L)
Bottom of the 5th over - 0 run(s), 1 hit(s), 0 error(s), 1 left on base; Gryfindor 3 - Augusta 1
TOP OF THE 6TH
Gryfindor Braves batting - Pitching for Augusta Timber Hawks : RHP Jimmy Whittier
Batting: RHB Alfredo Martínez 0-0: Fly out, F9 (Flyball, 9LM)
Batting: RHB Jim Unknown 0-0: Foul Ball, location: 2F
0-1: DOUBLE (Flyball, 8LXD)
Batting: RHB Jim Unknown 0-0: Intentional Walk
Batting: RHB Jim Unknown 0-0: Foul Ball, location: 2F
0-1: Called Strike
0-2: Foul Ball, location: 2F
0-2: Ball
1-2: Ball
2-2: Ball
3-2: Foul Ball, location: 2F
3-2: Base on Balls
Jim Unknown to third
Jim Unknown to second
Pitching: RHP Tom Sosa
Batting: RHB Jim Unknown 0-0: Called Strike
0-1: Called Strike
0-2: Ball
1-2: Ball
2-2: Foul Ball, location: 2F
2-2: Foul Ball, location: 2F
2-2: Foul Ball, location: 2F
2-2: Ground out 5-3 (Groundball, 56S)
Jim Unknown scores
Jim Unknown to third
Jim Unknown to second
Batting: LHB Nathan Tanner 0-0: Ball
1-0: Foul Ball, location: 2F
1-1: Ball
2-1: Swinging Strike
2-2: Ball
3-2: SINGLE (Flyball, 8RS)
Jim Unknown scores
Jim Unknown to third
Jim Unknown scores
Batting: RHB Matt Nelson 0-0: Ball
Nathan Tanner is caught stealing 2nd base
Top of the 6th over - 3 run(s), 2 hit(s), 0 error(s), 0 left on base; Gryfindor 6 - Augusta 1
BOTTOM OF THE 6TH
Augusta Timber Hawks batting - Pitching for Gryfindor Braves : RHP Jim Unknown
Batting: RHB Bob Sargent 0-0: Ball
1-0: Ball
2-0: Ground out 6-3 (Groundball, 56)
Batting: LHB Tomás Guillén 0-0: Swinging Strike
0-1: Ball
1-1: Foul Ball, location: 2F
1-2: Foul Ball, location: 2F
1-2: SINGLE (Groundball, 25) (infield hit)
Batting: SHB Jason Alexander 0-0: Ball
1-0: Ball
2-0: Ball
3-0: Called Strike
3-1: Called Strike
3-2: Base on Balls
Tomás Guillén to second
Batting: LHB Eugene Lawrence 0-0: Fly out, F2 (Popup, 2LF)
Batting: RHB Danny Penn 0-0: Called Strike
0-1: Called Strike
0-2: Fly out, F9 (Flyball, 89S)
Bottom of the 6th over - 0 run(s), 1 hit(s), 0 error(s), 2 left on base; Gryfindor 6 - Augusta 1
TOP OF THE 7TH
Gryfindor Braves batting - Pitching for Augusta Timber Hawks : RHP Tom Sosa
Batting: RHB Matt Nelson 0-0: Ball
1-0: Fly out, F8 (Flyball, 8LM)
Batting: RHB António Martínez 0-0: Foul Ball, location: 2F
0-1: Ground out 5-3 (Groundball, 56)
Batting: RHB Rafael Arredondo 0-0: Ground out 4-3 (Groundball, 4M)
Top of the 7th over - 0 run(s), 0 hit(s), 0 error(s), 0 left on base; Gryfindor 6 - Augusta 1
BOTTOM OF THE 7TH
Augusta Timber Hawks batting - Pitching for Gryfindor Braves : RHP Jim Unknown
Batting: LHB Mike Hanson 0-0: Ball
1-0: Ball
2-0: Ball
3-0: Base on Balls
Batting: RHB Eric Randolph 0-0: Ball
1-0: Foul Ball, location: 2F
1-1: Called Strike
1-2: Ball
2-2: Foul Ball, location: 2F
2-2: Ball
3-2: Base on Balls
Mike Hanson to second
Batting: RHB Claudio Mendoza 0-0: Ball
Mike Hanson steals 3rd base
Eric Randolph to second
1-0: Ball
2-0: Ground out 6-3 (Groundball, 56)
Mike Hanson scores
Pitching: RHP Pat Vogel
Batting: LHB Brad Lawrence 0-0: Ball
1-0: Foul Ball, location: 2F
1-1: Called Strike
1-2: Ball
2-2: Fly out, F4 (Popup, 4S)
Batting: RHB Bob Sargent 0-0: SINGLE (Flyball, 7S)
Eric Randolph to third
Runner from 3rd tries for Home, SAFE, throw made home
Batting: LHB Tomás Guillén 0-0: Called Strike
0-1: Ball
1-1: Ball
2-1: SINGLE (Groundball, 13) (infield hit)
Bob Sargent to second
Batting: SHB Jason Alexander 0-0: Fly out, F4 (Popup, 4)
Bottom of the 7th over - 2 run(s), 2 hit(s), 0 error(s), 2 left on base; Gryfindor 6 - Augusta 3
TOP OF THE 8TH
Gryfindor Braves batting - Pitching for Augusta Timber Hawks : RHP Tom Sosa
Batting: RHB Alfredo Martínez 0-0: Ball
1-0: Called Strike
1-1: Foul Ball, location: 2F
1-2: Foul Ball, location: 2F
1-2: SINGLE (Groundball, 56)
Batting: RHB Jim Unknown 0-0: Bunted foul
0-1: Sac Bunt - play at first, batter OUT! 2-4
Alfredo Martínez to second
Batting: RHB Jim Unknown 0-0: Intentional Walk
Batting: RHB Jim Unknown 0-0: Called Strike
0-1: Foul Ball, location: 2F
0-2: Foul Ball, location: 2F
0-2: Strikes out looking
Batting: RHB Jim Unknown 0-0: Ball
1-0: Ball
2-0: Swinging Strike
2-1: Foul Ball, location: 2F
2-2: Ball
3-2: Reached on error, E6 (Groundball, 6)
Alfredo Martínez to third
Jim Unknown to second
Batting: LHB Nathan Tanner 0-0: Ball
1-0: Ball
2-0: Ground out U3 (Groundball, 3)
Top of the 8th over - 0 run(s), 1 hit(s), 1 error(s), 3 left on base; Gryfindor 6 - Augusta 3
BOTTOM OF THE 8TH
Augusta Timber Hawks batting - Pitching for Gryfindor Braves : RHP Pat Vogel
Batting: LHB Eugene Lawrence 0-0: Ball
1-0: Ball
2-0: SINGLE (Line Drive, 6MD)
Pitching: RHP Enrico Reséndez
Batting: RHB Danny Penn 0-0: Swinging Strike
0-1: Foul Ball, location: 2F
0-2: Ball
1-2: Strikes out looking
Pitching: LHP Jim Unknown
Batting: LHB Mike Hanson 0-0: SINGLE (Line Drive, 9LS)
Eugene Lawrence to second
Runner from 2nd tries for 3rd, SAFE, no throw or cutoff
Pitching: RHP Jim Unknown
Batting: RHB Eric Randolph 0-0: Called Strike
0-1: Ball
1-1: Swinging Strike
1-2: Ball
2-2: Foul Ball, location: 2F
2-2: Ball
3-2: Base on Balls
Mike Hanson to second
Pinch Hitting: LHB Emílio Barbán 0-0: Fly out, F8 (Line Drive, 8LM)
Runner from 3rd tags up, SCORES, no throw
Pitching: LHP José Acevedo
Pinch Hitting: RHB Hiwahikeiki Noelani 0-0: Ball
1-0: Ball
2-0: Ball
3-0: Base on Balls
Mike Hanson to third
Eric Randolph to second
Batting: RHB Bob Sargent 0-0: Called Strike
0-1: Fielders Choice at 2nd, U6 (Groundball, 6M)
Bottom of the 8th over - 1 run(s), 2 hit(s), 0 error(s), 3 left on base; Gryfindor 6 - Augusta 4
TOP OF THE 9TH
Gryfindor Braves batting - Pitching for Augusta Timber Hawks : RHP Tom Sosa
Pitching: RHP Francisco Valdés
Now at 2B: Hiwahikeiki Noelani
Now in CF: Rob Young
Batting: RHB Matt Nelson 0-0: Ball
1-0: Ball
2-0: Ball
3-0: Called Strike
3-1: Reached on error, E5 (Groundball, 5S)
Batting: RHB António Martínez 0-0: Called Strike
0-1: Swinging Strike
0-2: Reached on error, E6 (Groundball, 6)
Matt Nelson to second
Batting: RHB Rafael Arredondo 0-0: Called Strike
0-1: SINGLE (Line Drive, 7S)
Matt Nelson to third
António Martínez to second
Runner from 3rd tries for Home, SAFE, throw made at trailing runner, SAFE at third!
Batting: RHB Alfredo Martínez 0-0: Called Strike
0-1: Fly out, F9 (Flyball, 9S)
Batting: RHB Jim Unknown 0-0: Swinging Strike
0-1: Ball
1-1: Ball
2-1: Fly out, F9 (Flyball, 9D)
Runner from 3rd tags up, SCORES, no throw
Batting: RHB Jim Unknown 0-0: Ball
1-0: Called Strike
1-1: Reached on error, E5 (Groundball, 56)
Rafael Arredondo to second
Batting: RHB Jim Unknown 0-0: Swinging Strike
0-1: Fly out, F7 (Line Drive, 7M)
Top of the 9th over - 2 run(s), 1 hit(s), 3 error(s), 2 left on base; Gryfindor 8 - Augusta 4
BOTTOM OF THE 9TH
Augusta Timber Hawks batting - Pitching for Gryfindor Braves : LHP José Acevedo
Pitching: RHP Jim Unknown
Batting: LHB Tomás Guillén 0-0: Ball
1-0: SOLO HOME RUN (Flyball, 9LD), Distance : 347 ft
Batting: SHB Jason Alexander 0-0: Ball
1-0: Foul Ball, location: 2F
1-1: Ball
2-1: Ball
3-1: Called Strike
3-2: Base on Balls
Batting: LHB Eugene Lawrence 0-0: Ball
1-0: Foul Ball, location: 2F
1-1: Foul Ball, location: 2F
1-2: Ball
2-2: Fly out, F7 (Flyball, 78M)
Batting: RHB Danny Penn 0-0: Called Strike
0-1: Fly out, F6 (Line Drive, 6)
Batting: LHB Mike Hanson 0-0: Ball
1-0: Ground out U3 (Groundball, 3S)
Bottom of the 9th over - 1 run(s), 1 hit(s), 0 error(s), 1 left on base; Gryfindor 8 - Augusta 5
This league is powered by Out of the Park Baseball, the baseball management simulation game for PC, Mac and Linux
Friday, January 22nd, 2016 - OOTP Baseball 16.9 Build 39